General information
- name: BNet
- type: Ladder team game (AT/RT)
- host: Battle.net
- saver: Warcrack2015
map: Cherryville
- players: 8
- length: 49:40
- speed: Fast
- version: 1.26 W3XP
- replay type: Public
» download(263 KB)
Players
team 1 (loser)

»
Raxxess (
blue | 60 APM | 2971 actions | 49:39)
9 Archmage
3 Blizzard
3 Summon Water Elemental
1 Mass Teleport
2 Brilliance Aura
» actions
| Basic commands | 23 | |
| Build / train | 119 | |
| Enter build submenu | 25 | |
| Enter hero's abilities submenu | 9 | |
| Remove unit from queue | 1 | |
| Right click | 1941 | |
| Select / deselect | 779 | |
| Use ability | 73 | |
2971 total
» units
| Peasant | 55 | |
| Rifleman | 27 | |
| Mortar Team | 6 | |
| Siege Engine | 4 | |
92 total
» upgrades
| Gunpowder | 3 | |
| Armor | 3 | |
| Long Rifles | 1 | |
| Fragmentation Shards | 1 | |
| Barrage | 1 | |
9 total
» buildings
| Altar of Kings | 1 | |
| Farm | 10 | |
| Blacksmith | 1 | |
| Barracks | 2 | |
| Town Hall | 4 | |
| Arcane Vault | 1 | |
| Keep | 1 | |
| Lumber Mill | 1 | |
| Workshop | 2 | |
| Castle | 1 | |
24 total
» build order
00:05 Altar of Kings
00:08 Farm
01:17 Blacksmith
01:25 Farm
02:07 Barracks
06:06 Town Hall
06:20 Farm
06:26 Barracks
07:08 Farm
07:46 Arcane Vault
09:15 Keep
10:16 Farm
10:28 Lumber Mill
10:55 Farm
11:49 Workshop
11:54 Workshop
13:10 Castle
14:40 Farm
14:43 Farm
17:01 Farm
17:04 Farm
30:04 Town Hall
36:58 Town Hall
44:16 Town Hall
» items
| Scroll of Regeneration | 3 | |
| Lesser Clarity Potion | 1 | |
| Scroll of Town Portal | 1 | |
5 total

»
Loin-Red (
teal | 47 APM | 2349 actions | 49:39)
10 Warden
3 Shadow Strike
3 Blink
1 Spirit of Vengeance
3 Fan of Knives
» actions
| Assign group hotkey | 4 | |
| Basic commands | 11 | |
| Build / train | 83 | |
| Enter build submenu | 25 | |
| Enter hero's abilities submenu | 11 | |
| Right click | 1607 | |
| Select / deselect | 434 | |
| Select group hotkey | 9 | |
| Use ability | 165 | |
2349 total
» units
| Wisp | 13 | |
| Archer | 19 | |
| Huntress | 2 | |
| Dryad | 10 | |
| Druid of the Claw | 7 | |
| Hippogryph | 3 | |
54 total
» upgrades
| Strength of the Wild | 2 | |
| Abolish Magic | 1 | |
| Druid of the Claw Training | 2 | |
| Reinforced Hides | 2 | |
| Mark of the Claw | 1 | |
8 total
» buildings
| Moon Well | 11 | |
| Altar of Elders | 1 | |
| Ancient of War | 1 | |
| Tree of Ages | 2 | |
| Hunter's Hall | 1 | |
| Ancient of Lore | 3 | |
| Tree of Eternity | 1 | |
| Ancient of Wonders | 2 | |
| Ancient of Wind | 2 | |
| Ancient Protector | 1 | |
25 total
» build order
00:10 Moon Well
00:13 Altar of Elders
00:54 Ancient of War
01:39 Moon Well
02:17 Moon Well
03:20 Tree of Ages
03:20 Tree of Ages
05:13 Hunter's Hall
05:22 Moon Well
06:30 Ancient of Lore
06:42 Ancient of Lore
07:05 Tree of Eternity
09:40 Ancient of Wonders
11:07 Moon Well
11:10 Moon Well
19:39 Ancient of Lore
20:42 Ancient of Wonders
20:44 Moon Well
20:46 Moon Well
21:07 Moon Well
21:50 Moon Well
22:16 Moon Well
45:46 Ancient of Wind
45:52 Ancient of Wind
47:11 Ancient Protector
» items
| Orb of Venom | 1 | |
| Staff of Teleportation | 1 | |
| Scroll of Town Portal | 1 | |
| Dust of Appearance | 1 | |
4 total
homelessbob (
green | 54 APM | 2671 actions | 49:39)
6 Crypt Lord
3 Carrion Beetles
2 Spiked Carapace
1 Locust Swarm
7 Lich
3 Frost Nova
3 Frost Armor
1 Death and Decay
» actions
| Assign group hotkey | 120 | |
| Basic commands | 206 | |
| Build / train | 120 | |
| ESC pressed | 4 | |
| Enter build submenu | 20 | |
| Enter hero's abilities submenu | 14 | |
| Remove unit from queue | 1 | |
| Right click | 795 | |
| Select / deselect | 528 | |
| Select group hotkey | 779 | |
| Use ability | 84 | |
2671 total
» units
| Acolyte | 24 | |
| Ghoul | 9 | |
| Crypt Fiend | 25 | |
| Meatwagon | 1 | |
| Necromancer | 19 | |
| Gargoyle | 6 | |
84 total
» upgrades
| Web | 1 | |
| Exhume Corpses | 1 | |
| Skeletal Longevity | 1 | |
| Necromancer Training | 2 | |
| Unholy Strength | 1 | |
| Unholy Armor | 1 | |
| Creature Attack | 3 | |
| Skeletal Mastery | 1 | |
| Disease Cloud | 1 | |
12 total
» buildings
| Crypt | 1 | |
| Ziggurat | 9 | |
| Altar of Darkness | 1 | |
| Halls of the Dead | 1 | |
| Graveyard | 1 | |
| Slaughterhouse | 1 | |
| Temple of the Damned | 1 | |
| Nerubian Tower | 6 | |
| Black Citadel | 1 | |
22 total
» build order
00:11 Crypt
00:14 Ziggurat
00:53 Altar of Darkness
01:37 Ziggurat
04:20 Halls of the Dead
04:24 Graveyard
05:26 Ziggurat
05:28 Ziggurat
06:42 Slaughterhouse
06:54 Temple of the Damned
07:30 Nerubian Tower
08:39 Ziggurat
09:33 Nerubian Tower
11:02 Ziggurat
15:39 Black Citadel
16:40 Nerubian Tower
23:44 Ziggurat
23:48 Ziggurat
23:54 Ziggurat
24:37 Nerubian Tower
24:41 Nerubian Tower
24:49 Nerubian Tower

»
Darkstalker (
pink | 14 APM | 693 actions | 49:39)
6 Far Seer
3 Feral Spirit
2 Chain Lighting
1 Earth Quake
4 Shadow Hunter
2 Healing Wave
2 Serpent Ward
» actions
| Basic commands | 4 | |
| Build / train | 89 | |
| Enter build submenu | 27 | |
| Enter hero's abilities submenu | 10 | |
| Give item / drop item | 1 | |
| Right click | 262 | |
| Select / deselect | 222 | |
| Use ability | 78 | |
693 total
» units
| Peon | 15 | |
| Grunt | 20 | |
| Goblin Shredder | 2 | |
| Shaman | 10 | |
| Wind Rider | 16 | |
| Troll Batrider | 2 | |
65 total
» upgrades
| Shaman Training | 2 | |
| Backpack | 1 | |
| Pillage | 1 | |
| Envenomed Spears | 1 | |
| Liquid Fire | 1 | |
| Berserker Strength | 1 | |
| Spiked Barricades | 1 | |
| Reinforced Defenses | 1 | |
9 total
» buildings
| Barracks | 1 | |
| Altar of Storms | 1 | |
| Orc Burrow | 13 | |
| Stronghold | 1 | |
| Voodoo Lounge | 1 | |
| Fortress | 1 | |
| Spirit Lodge | 1 | |
| Beastiary | 1 | |
| Great Hall | 1 | |
| War Mill | 1 | |
| Watch Tower | 2 | |
24 total
» build order
00:09 Barracks
00:13 Altar of Storms
00:21 Orc Burrow
02:59 Orc Burrow
06:19 Stronghold
06:35 Orc Burrow
06:51 Voodoo Lounge
07:35 Orc Burrow
08:06 Orc Burrow
08:32 Orc Burrow
08:46 Fortress
09:08 Orc Burrow
09:32 Spirit Lodge
10:07 Orc Burrow
10:54 Beastiary
11:06 Orc Burrow
12:04 Great Hall
22:08 War Mill
23:56 Watch Tower
24:09 Watch Tower
30:03 Orc Burrow
31:02 Orc Burrow
37:12 Orc Burrow
44:28 Orc Burrow
» items
team 2 (winner)
Warcrack2015 (
yellow | 54 APM | 2681 actions | 49:40)
10 Archmage
3 Summon Water Elemental
3 Brilliance Aura
1 Mass Teleport
3 Blizzard
» actions
| Assign group hotkey | 70 | |
| Basic commands | 157 | |
| Build / train | 100 | |
| Enter build submenu | 41 | |
| Enter hero's abilities submenu | 10 | |
| Give item / drop item | 2 | |
| Right click | 1198 | |
| Select / deselect | 518 | |
| Select group hotkey | 277 | |
| Use ability | 308 | |
2681 total
» units
| Peasant | 12 | |
| Footman | 5 | |
| Goblin Shredder | 2 | |
| Gryphon Rider | 14 | |
33 total
» upgrades
| Swords | 3 | |
| Armor | 3 | |
| Animal War Training | 1 | |
| Masonry | 3 | |
| Storm Hammers | 1 | |
| Cloud | 1 | |
| Ultravision | 1 | |
13 total
» buildings
| Altar of Kings | 1 | |
| Barracks | 1 | |
| Farm | 10 | |
| Scout Tower | 9 | |
| Arcane Tower | 1 | |
| Keep | 2 | |
| Arcane Vault | 1 | |
| Town Hall | 1 | |
| Lumber Mill | 1 | |
| Castle | 1 | |
| Guard Tower | 2 | |
| Gryphon Aviary | 4 | |
| Blacksmith | 2 | |
| Tree of Ages | 1 | |
| Moon Well | 11 | |
| Tree of Life | 2 | |
50 total
» build order
00:37 Altar of Kings
00:50 Barracks
00:52 Farm
01:05 Farm
01:07 Farm
01:09 Farm
01:35 Farm
02:13 Scout Tower
02:59 Arcane Tower
03:55 Keep
04:04 Arcane Vault
04:15 Town Hall
05:28 Lumber Mill
06:18 Castle
06:52 Scout Tower
07:02 Scout Tower
07:03 Scout Tower
07:05 Scout Tower
07:07 Scout Tower
07:23 Keep
08:53 Guard Tower
09:18 Gryphon Aviary
09:21 Gryphon Aviary
09:24 Gryphon Aviary
09:28 Gryphon Aviary
10:22 Blacksmith
10:25 Blacksmith
13:40 Farm
17:43 Farm
19:53 Scout Tower
19:54 Scout Tower
19:57 Scout Tower
21:11 Guard Tower
21:13 Farm
21:16 Farm
22:53 Farm
29:15 Tree of Ages
29:37 Moon Well
29:38 Moon Well
29:38 Moon Well
29:41 Moon Well
29:42 Moon Well
29:44 Moon Well
29:48 Moon Well
29:52 Moon Well
29:52 Moon Well
29:54 Moon Well
36:44 Tree of Life
47:52 Tree of Life
» items
| Scroll of Regeneration | 5 | |
| Mechanical Critter | 4 | |
| Scroll of Town Portal | 4 | |
| Potion of Healing | 6 | |
| Boots of Speed | 1 | |
| Periapt of Vitality | 2 | |
| Potion of Invisibility | 8 | |
| Potion of Lesser Invulnerability | 2 | |
| Scroll of Healing | 2 | |
34 total
usuk (
purple | 43 APM | 314 actions | 07:17)
» actions
| Assign group hotkey | 2 | |
| Build / train | 44 | |
| Enter build submenu | 19 | |
| Right click | 103 | |
| Select / deselect | 105 | |
| Select group hotkey | 13 | |
| Use ability | 28 | |
314 total
» units
» upgrades
» buildings
| Lumber Mill | 1 | |
| Scout Tower | 13 | |
| Guard Tower | 15 | |
| Arcane Tower | 4 | |
| Farm | 2 | |
| Altar of Kings | 1 | |
| Arcane Vault | 1 | |
37 total
» build order
00:22 Lumber Mill
00:57 Scout Tower
00:59 Scout Tower
01:03 Scout Tower
01:25 Guard Tower
01:25 Guard Tower
01:25 Guard Tower
01:27 Arcane Tower
01:28 Arcane Tower
01:30 Guard Tower
01:30 Guard Tower
01:31 Guard Tower
01:58 Farm
02:07 Scout Tower
02:14 Scout Tower
02:18 Scout Tower
02:30 Scout Tower
02:37 Scout Tower
02:40 Arcane Tower
02:40 Arcane Tower
02:51 Scout Tower
03:10 Guard Tower
03:25 Guard Tower
03:51 Guard Tower
03:51 Guard Tower
04:41 Scout Tower
04:55 Farm
05:01 Altar of Kings
05:09 Scout Tower
05:11 Guard Tower
05:26 Arcane Vault
05:37 Scout Tower
05:56 Guard Tower
06:48 Scout Tower

»
ELemenT.RandOm (
orange | 58 APM | 1088 actions | 18:46)
5 Demon Hunter
2 Mana Burn
3 Evasion
5 Archmage
3 Summon Water Elemental
2 Brilliance Aura
» actions
| Assign group hotkey | 22 | |
| Basic commands | 47 | |
| Build / train | 80 | |
| ESC pressed | 4 | |
| Enter build submenu | 21 | |
| Enter hero's abilities submenu | 11 | |
| Give item / drop item | 3 | |
| Remove unit from queue | 2 | |
| Right click | 274 | |
| Select / deselect | 196 | |
| Select group hotkey | 321 | |
| Use ability | 107 | |
1088 total
» units
| Wisp | 33 | |
| Archer | 3 | |
| Huntress | 4 | |
| Druid of the Claw | 9 | |
| Gryphon Rider | 3 | |
52 total
» upgrades
| Reinforced Hides | 2 | |
| Swords | 2 | |
| Armor | 1 | |
| Druid of the Claw Training | 2 | |
| Strength of the Wild | 1 | |
| Mark of the Claw | 1 | |
9 total
» buildings
| Altar of Elders | 1 | |
| Moon Well | 5 | |
| Ancient of War | 1 | |
| Hunter's Hall | 1 | |
| Tree of Ages | 1 | |
| Tree of Eternity | 1 | |
| Ancient of Lore | 2 | |
| Blacksmith | 2 | |
| Tree of Life | 1 | |
| Castle | 1 | |
| Gryphon Aviary | 2 | |
| Farm | 3 | |
21 total
» build order
00:11 Altar of Elders
00:22 Moon Well
01:32 Ancient of War
01:44 Moon Well
02:48 Hunter's Hall
03:34 Moon Well
04:35 Tree of Ages
06:59 Tree of Eternity
07:02 Ancient of Lore
07:06 Ancient of Lore
07:43 Blacksmith
07:52 Blacksmith
09:08 Tree of Life
09:46 Castle
09:49 Gryphon Aviary
10:21 Gryphon Aviary
13:45 Farm
13:46 Farm
13:47 Farm
14:04 Moon Well
14:07 Moon Well
» items
| Scroll of Healing | 1 | |
| Orb of Fire | 2 | |
3 total
Killer_Ghost (
red | 41 APM | 1443 actions | 35:09)
8 Archmage
3 Summon Water Elemental
3 Blizzard
2 Mass Teleport
4 Paladin
2 Holy Light
2 Divine Shield
» actions
| Assign group hotkey | 34 | |
| Basic commands | 114 | |
| Build / train | 106 | |
| Enter build submenu | 27 | |
| Enter hero's abilities submenu | 13 | |
| Right click | 613 | |
| Select / deselect | 380 | |
| Select group hotkey | 63 | |
| Use ability | 93 | |
1443 total
» units
| Peasant | 14 | |
| Rifleman | 17 | |
| Priest | 12 | |
| Knight | 10 | |
53 total
» upgrades
| Gunpowder | 3 | |
| Armor | 4 | |
| Long Rifles | 1 | |
| Priest Training | 2 | |
| Swords | 2 | |
| Animal War Training | 1 | |
| Plating | 2 | |
15 total
» buildings
| Farm | 12 | |
| Altar of Kings | 2 | |
| Arcane Vault | 1 | |
| Lumber Mill | 1 | |
| Blacksmith | 1 | |
| Barracks | 2 | |
| Keep | 1 | |
| Scout Tower | 11 | |
| Guard Tower | 4 | |
| Arcane Sanctum | 2 | |
| Castle | 1 | |
| Town Hall | 1 | |
| Arcane Tower | 5 | |
| Tree of Life | 1 | |
45 total
» build order
00:11 Farm
00:22 Altar of Kings
00:58 Farm
01:36 Arcane Vault
01:48 Lumber Mill
02:07 Farm
02:26 Blacksmith
02:53 Barracks
02:59 Barracks
04:59 Keep
05:29 Scout Tower
05:30 Scout Tower
05:32 Scout Tower
05:41 Farm
06:13 Guard Tower
06:17 Farm
06:26 Guard Tower
08:06 Farm
08:23 Arcane Sanctum
08:38 Farm
09:05 Castle
09:13 Arcane Sanctum
09:27 Town Hall
09:48 Guard Tower
10:27 Scout Tower
10:29 Scout Tower
13:54 Guard Tower
13:56 Arcane Tower
17:07 Farm
17:08 Farm
17:36 Scout Tower
17:37 Scout Tower
21:56 Farm
22:30 Tree of Life
29:23 Farm
29:23 Farm
30:42 Scout Tower
30:45 Scout Tower
30:47 Scout Tower
30:48 Scout Tower
34:20 Arcane Tower
34:22 Arcane Tower
34:23 Arcane Tower
34:30 Altar of Kings
34:33 Arcane Tower
» items
| Potion of Healing | 4 | |
| Scroll of Regeneration | 6 | |
10 total
Chat log
(00:12 / All) Warcrack2015: bob if you are homeless how are you playing this game with us
(00:36 / All) Killer_Ghost: hes a tech savvy ho,eless guy lol
(02:09 / Allies) ELemenT.RandOm: more towers
(04:49 / Allies) usuk: thanks for the pro support
(05:23 / Allies) ELemenT.RandOm: hit all together
(05:47 / Allies) ELemenT.RandOm: cancel
(07:27 / Allies) ELemenT.RandOm: newb
(07:28 / Allies) Warcrack2015: someone wanna take himm?
(07:33 / Allies) Killer_Ghost: not it
(07:41 / Allies) Warcrack2015: In the future I just militia tk faggots liek him
(07:52 / Allies) Warcrack2015: doesn't work so hhe quits
(11:07 / Allies) Warcrack2015: lumbers/
(11:15 / Allies) Warcrack2015: that faggot got lucky with my shhreddar
(13:21 / Allies) Killer_Ghost: b
(13:30 / Allies) Warcrack2015: B TO MY BASE
(13:40 / Allies) ELemenT.RandOm: need anti spell
(14:49 / Allies) Warcrack2015: t porange
(14:51 / Allies) ELemenT.RandOm: noobs
(14:56 / Allies) Warcrack2015: wtf
(15:37 / Allies) ELemenT.RandOm: look idiots
(16:01 / All) Warcrack2015: my fucking left click is fucked
(16:21 / Allies) Killer_Ghost: units oj
(16:28 / Allies) ELemenT.RandOm: hit
(16:42 / Allies) Killer_Ghost: units at yellows base oj
(17:20 / Allies) ELemenT.RandOm: yellow come
(18:00 / Allies) Killer_Ghost: units
(19:06 / All) Warcrack2015: orange had 3 bears in my base
(23:56 / Allies) Warcrack2015: stay
(27:52 / All) Warcrack2015: we made a good go of it but purple really f ucked us
(28:07 / Allies) Killer_Ghost: ya they were both idiots
(29:09 / Allies) Killer_Ghost: build with oj
(31:26 / All) Warcrack2015: I was the superior human to you blue
(31:27 / All) Warcrack2015: admit it
(31:32 / All) Raxxess: pfft
(31:38 / All) Raxxess: I had a bad start lol
(31:50 / All) Warcrack2015: now I can't do much since high level warden
(32:05 / All) Raxxess: at least its not a bm
(32:09 / All) Loin-Red: i will get u
(32:33 / All) Raxxess: but i think we were pretty even most of the game
(32:48 / All) Warcrack2015: we were 3v4 then 2v4 most of game
(33:04 / All) Raxxess: yea because tho we were fighting i was able to kill oj xD
(34:47 / All) Warcrack2015: See ya
(34:51 / All) Raxxess: gg
(34:53 / All) Loin-Red: haha
(38:29 / All) Warcrack2015: sup, I'm outta here
(44:46 / All) Warcrack2015: smell ya later
(49:24 / All) Warcrack2015: let's be reasonable
(49:31 / All) Warcrack2015: phew
(49:33 / All) Warcrack2015: aw
(49:37 / All) Warcrack2015: lol